 Dungeon Crawl Stone Soup version 0.16-a0-139-gc9fe9b1 (webtiles) character file.

105 Ratboiler the Cudgeler (level 4, -6/45 HPs)
             Began as an Ogre Artificer on Aug 14, 2014.
             Killed from afar by Sigmund (7 damage)
             ... with a magic dart
             ... on Level 2 of the Dungeon.
             The game lasted 00:07:24 (2680 turns).

Ratboiler the Cudgeler (Ogre Artificer)             Turns: 2680, Time: 00:07:24

HP  -6/45        AC  6     Str 16      XL: 4   Next: 83%
MP   5/5         EV 10     Int 20      God:
Gold 79          SH  0     Dex 11      Spells:  0 memorised,  3 levels left

rFire  . . .     SeeInvis .     a - +1 club
rCold  . . .     Clarity  .     e - +0 robe
rNeg   . . .     rCorr    .     (shield restricted)
rPois  .         rRot     .     (helmet restricted)
rElec  .         Spirit   .     (no cloak)
SustAb .         Warding  .     (gloves unavailable)
rMut   .         Stasis   .     (boots unavailable)
Gourm  .                        (no amulet)
MR     .....                    p - +4 ring of intelligence
                                h - +3 ring of protection

@: confused, brilliant, not resistant to hostile enchantments, very unstealthy
A: unfitting armour, tough skin 1
a: no special abilities


You were on level 2 of the Dungeon.
You were not hungry.

You visited 1 branch of the dungeon, and saw 2 of its levels.

You collected 79 gold pieces.

Inventory:

Hand weapons
 a - a +1 club (weapon)
Armour
 e - a +0 robe (worn)
Magical devices
 b - a wand of flame (10)
 c - a wand of enslavement (15)
 d - a wand of random effects (13)
Comestibles
 f - 2 meat rations
 t - a rotting chunk of quokka flesh
 v - a bread ration
 x - 2 rotting chunks of goblin flesh
Scrolls
 g - a scroll of recharging {unknown}
 j - a scroll of immolation {unknown}
 k - a scroll of remove curse {unknown}
 l - 2 scrolls of identify {unknown}
 n - 2 scrolls of enchant armour {unknown}
 q - a scroll of magic mapping {unknown}
 r - a scroll of fog {unknown}
 u - a scroll of teleportation {unknown}
Jewellery
 h - a +3 ring of protection (left hand)
 p - a +4 ring of intelligence (right hand)
Potions
 m - a potion of brilliance
 o - a potion of heal wounds {unknown}
 s - a potion of restore abilities {unknown}
Books
 w - a book of Battle

   Spells                             Type                      Level
   Infusion                           Charms                       1
   Shroud of Golubria                 Charms/Translocation         2
   Song of Slaying                    Charms                       2
   Spectral Weapon                    Hexes/Charms                 3
   Regeneration                       Charms/Necromancy            3


   Skills:
 + Level 3.0 Fighting
 * Level 4.4 Maces & Flails
 + Level 2.5 Dodging
 - Level 0.7 Stealth
 - Level 2.4 Evocations


You had 3 spell levels left.
You didn't know any spells.

Dungeon Overview and Level Annotations

Branches:
Dungeon (2/15)

Altars:

Annotations:
D:2 Sigmund


Innate Abilities, Weirdness & Mutations

You are too large for most types of armour.
You have tough skin (AC +1).


Message History

Ouch! You feel less confused.
You hear some strange, mumbled words.
Something tries to affect you, but you resist.
You hear a zap.
You are confused.
Ouch! The magic dart hits you!
* * * LOW HITPOINT WARNING * * *
You hear a zap.
Something tries to affect you, but you resist.
Something hits you.
* * * LOW HITPOINT WARNING * * *
Drink which item? (? for menu, Esc to quit)
You feel clever all of a sudden.
It was a potion of brilliance.
Drink which item? (? for menu, Esc to quit)
It has a very clean taste.
It was a potion of cure mutation.
You hear some strange, mumbled words.
The magic dart hits you!
You die...

.# #....###.##.###.## #.... .#
#....###.##......# #.... .#
#....+......####.###..%. .# ###
#....######.# #..##.... .# #.#
#.........#.# ##.##.... .#####.#
#.....###.#.# #....... .......#
#.....###.#%# #.......
######.#####+#....<#.# #.......
...............{@..#.# #...##+#
.#####.#####.##...##.#####...##.#
.......# #.##.........##...##.#
###################.....####..#.#
#......≈≈8≈≈......# ##.#.#
#.......≈≈≈.......# #.#.#
#.................# #.#.#
#.................# #.#.#
#........#........#####...#


There were no monsters in sight!

Vanquished Creatures
  4 adders (D:2)
  2 worms (D:2)
  5 giant geckos
  6 bats
  4 goblins
  6 hobgoblins
  2 jackals (D:1)
  6 kobolds
  A quokka (D:2)
  2 ball pythons (D:1)
  6 giant cockroaches
  2 giant newts (D:1)
  7 rats
53 creatures vanquished.

Notes
Turn   | Place    | Note
--------------------------------------------------------------
     0 | D:1      | Ratboiler, the Ogre Artificer, began the quest for the Orb.
     0 | D:1      | Reached XP level 1. HP: 19/19 MP: 1/1
   256 | D:1      | Reached XP level 2. HP: 22/28 MP: 2/2
   812 | D:1      | Reached skill level 3 in Maces & Flails
   963 | D:1      | Reached XP level 3. HP: 27/35 MP: 4/4
  1671 | D:2      | Reached XP level 4. HP: 44/44 MP: 5/5
  1876 | D:2      | Reached skill level 4 in Maces & Flails
  2356 | D:2      | Noticed Sigmund
  2678 | D:2      | HP: 1/45 [something (4)]
  2680 | D:2      | Killed from afar by Sigmund

Action                   |  1- 3 |  4- 6 || total
-------------------------+-------+-------++-------
Melee: Club              |   184 |    62 ||   246
Evoke: Wand              |     3 |     4 ||     7
  Use: Potion            |       |     2 ||     2
 Stab: Sleeping          |       |     1 ||     1
  Eat: Chunk             |     2 |     4 ||     6
